Map: Void Launch

Players

HeavyGrinder

  • Race: Protoss Protoss
  • Spawn Location: 6:00

NamroodTuo

  • Race: Zerg Zerg

VOD

Have the link to the VOD?

Description

Time

  • Played on: March 17, 2023, 7:04 a.m.
  • Length: 25:19
Show
View Real Time Build Order
Export as new Build Order

HeavyGrinder Protoss 

Build Orders:  

Get SALT Encoding   

  12  0:03  Probe (Chrono Boost)  
  13  0:23  Pylon  
  13  0:28  Probe (Chrono Boost)  
  14  0:42  Probe (Chrono Boost)  
  15  0:54  Gateway  
  15  0:56  Probe (Chrono Boost)  
  16  1:05  Assimilator  
  16  1:11  Probe (Chrono Boost)  
  17  1:25  Probe (Chrono Boost)  
  18  1:39  Probe (Chrono Boost)  
  19  1:53  Probe (Chrono Boost)  
  20  2:06  Cybernetics Core  
  20  2:08  Probe (Chrono Boost)  
  21  2:22  Probe (Chrono Boost), Pylon  
  22  2:36  Probe (Chrono Boost)  
  22  2:37  Assimilator  
  23  2:49  Probe (Chrono Boost)  
  23  2:58  Dragoon x2  
  28  3:09  Probe (Chrono Boost)  
  29  3:10  Pylon  
  29  3:23  Probe (Chrono Boost)  
  30  3:34  Pylon  
  30  3:37  Probe (Chrono Boost)  
  31  4:22  Probe (Chrono Boost)  
  32  4:34  Dragoon x3  
  32  4:36  Nexus  
  38  4:47  Pylon  
  38  4:51  Pylon  
  38  5:02  Assimilator  
  38  5:04  Assimilator  
  38  5:12  Gateway  
  38  5:17  Probe (Chrono Boost)  
  39  5:31  Probe (Chrono Boost)  
  39  5:36  Dragoon  
  42  5:45  Probe (Chrono Boost)  
  43  6:09  Probe (Chrono Boost)  
  44  6:17  Twilight Council  
  44  6:21  Gateway  
  44  6:22  Probe (Chrono Boost)  
  44  6:24  Probe (Chrono Boost)  
  46  6:36  Probe (Chrono Boost)  
  46  6:38  Probe (Chrono Boost)  
  48  6:43  Dragoon  
  50  6:50  Probe (Chrono Boost)  
  50  6:52  Probe (Chrono Boost)  
  52  7:04  Probe (Chrono Boost)  
  52  7:05  Probe (Chrono Boost)  
  54  7:10  Trillic Compresion Mesh  
  54  7:19  Probe (Chrono Boost), Dragoon  
  56  7:20  Dragoon x2  
  61  7:32  Probe (Chrono Boost)  
  61  7:33  Probe (Chrono Boost)  
  63  7:46  Probe (Chrono Boost)  
  63  7:47  Probe (Chrono Boost)  
  65  7:52  Dragoon x2  
  69  8:00  Probe (Chrono Boost)  
  69  8:01  Probe (Chrono Boost)  
  67  8:14  Dragoon  
  67  8:15  Probe (Chrono Boost)  
  67  9:06  Probe (Chrono Boost)  
  68  9:17  Forge x2  
  68  9:20  Probe (Chrono Boost)  
  68  9:21  Gateway  
  68  9:25  Gateway  
  68  9:26  Gateway  
  69  9:34  Probe (Chrono Boost)  
  70  9:46  Pylon  
  70  9:48  Pylon x2  
  70  9:49  Pylon  
  70  9:52  Pylon  
  70  9:53  Pylon  
  70  9:59  Pylon  
  70  10:00  Pylon  
  70  10:10  Probe (Chrono Boost)  
  69  10:32  Dragoon  
  69  10:33  Dragoon x5  
  69  10:34  Dragoon x4  
  69  10:35  Dragoon  
  83  11:34  Dragoon x3  
  83  11:35  Dragoon x4  
  83  11:36  Dragoon x3  
  103  11:59  Protoss Shields Level 1  
  95  12:29  Dragoon x2  
  99  12:30  Dragoon x5  
  99  12:31  Dragoon x3  
  115  12:40  Protoss Ground Weapons Level 1  
  115  12:54  Pylon  
  115  13:02  Forge  
  115  13:08  Pylon  
  115  13:10  Pylon  
  115  13:14  Pylon  
  115  13:15  Pylon  
  115  13:17  Pylon  
  115  13:19  Pylon  
  109  14:23  Protoss Ground Armor Level 1  
  109  14:45  Robotics Facility  
  109  14:58  Dragoon x2  
  109  14:59  Dragoon x5  
  123  15:00  Dragoon x4  
  123  15:01  Dragoon x3  
  123  15:02  Dragoon x2  
  123  15:06  Dragoon x2  
  145  15:55  Observer  
  146  16:25  Observer  
  146  16:29  Robotics Bay  
  147  17:33  Dragoon x3  
  147  17:34  Dragoon x5  
  147  17:35  Dragoon x4  
  147  17:36  Dragoon x3  
  147  17:37  Dragoon x2  
  177  18:08  Protoss Ground Weapons Level 2  
  177  18:14  Protoss Shields Level 2  
  177  18:27  Singularity Charge  
  177  18:41  Gravitic Boosters  
  153  20:01  Dragoon x3  
  153  20:02  Dragoon x4  
  153  20:03  Dragoon x2  
  153  20:04  Dragoon x4  
  179  20:33  Protoss Ground Armor Level 2  
  161  22:26  Observer  
  145  22:46  Dragoon x2  
  145  22:47  Dragoon x4  
  145  22:48  Dragoon x4  
  145  22:49  Dragoon x3  
  171  22:50  Dragoon x4  
  179  23:48  Dragoon  
  179  23:49  Dragoon x4  
Show
View Real Time Build Order
Export as new Build Order

NamroodTuo Zerg 

Build Orders:  

Get SALT Encoding   

  12  0:12  Overlord  
  12  0:19  Infested SCV  
  13  0:25  Infested SCV  
  14  0:32  Infested SCV  
  14  0:38  Infested SCV  
  16  0:51  Infested Refinery  
  16  0:59  Infested Refinery  
  16  1:02  Infested SCV  
  16  1:08  Infested SCV  
  18  1:21  Infested SCV  
  19  1:40  Infested SCV  
  20  1:53  Overlord  
  20  2:18  Infested SCV  
  20  2:19  Infested Barracks  
  21  2:32  Overlord, Infested Engineering Bay  
  21  2:42  Infested SCV  
  22  3:00  Infested SCV  
  23  3:22  Infested Marine  
  23  3:23  Infested Factory  
  23  3:24  Infested Marine  
  25  3:30  Infested Marine  
  25  3:34  Infested Marine  
  25  3:39  Infested Marine  
  28  4:20  Overlord, Infested SCV x3  
  28  4:21  Infested SCV  
  28  4:24  Infested Barracks Tech Lab  
  32  4:31  Infested Factory Tech Lab  
  32  4:36  Infested Armory  
  32  4:42  Infested SCV  
  32  4:43  Infested Starport  
  31  5:07  Infested SCV  
  31  5:08  Infested SCV  
  30  5:33  Infested Command Center  
  30  5:47  Infested Liberator  
  33  5:52  Infested Starport Tech Lab  
  33  5:56  Infested Diamondback  
  36  6:18  Infested Starport  
  36  6:21  Stukov Vehicle and Ship Weapons Level 1  
  36  6:39  Infested Liberator  
  39  6:40  Infested Liberator  
  39  6:43  Infested Liberator  
  45  7:19  Viral Contamination  
  45  7:21  Infested Starport Tech Lab  
  45  7:43  Infested SCV x3  
  45  7:44  Infested SCV  
  49  8:03  Unknown x4  
  49  8:07  Unknown x4  
  49  8:15  Infested Liberator x2  
  49  8:16  Infested Liberator  
  49  8:19  Cloud Dispersal  
  58  8:26  Rapid Hibernation  
  58  8:38  Infested SCV x4  
  62  8:58  Overlord  
  62  9:00  Overlord x4  
  62  9:01  Overlord  
  62  9:07  Overlord  
  62  9:12  Aggressive Incubation  
  62  9:26  Overseer  
  62  9:27  Overseer  
  62  9:36  Overseer  
  62  10:12  Infested Banshee x2  
  68  10:33  Infested Diamondback  
  71  10:42  Infested Refinery  
  71  10:44  Infested SCV x3, Infested Refinery  
  71  10:45  Infested SCV x2  
  76  10:56  Stukov Vehicle and Ship Armor Level 1  
  73  11:35  Infested Liberator, Infested Banshee  
  79  11:47  Infested Liberator  
  82  11:58  Infested SCV x2  
  82  11:59  Infested SCV x2  
  86  12:01  Overlord x4  
  86  12:02  Overlord  
  86  12:24  Infested Diamondback x3  
  86  12:25  Infested Diamondback x2  
  101  12:34  Infested Banshee  
  104  13:18  Saturated Cultures  
  104  13:27  Infested Liberator  
  107  13:36  Stukov Vehicle and Ship Weapons Level 2  
  107  13:47  Infested Liberator x2  
  113  14:17  Infested Liberator x2  
  119  15:08  Infested Liberator  
  119  15:09  Infested Liberator, Infested Banshee  
  125  15:10  Infested Liberator, Infested Banshee  
  125  15:11  Infested Banshee  
  134  15:27  Infested Diamondback x2  
  140  16:59  Infested Liberator x2, Infested Banshee  
  149  17:00  Infested Liberator, Infested Banshee x2  
  149  17:03  Overlord  
  149  17:04  Overlord x9  
  149  17:55  Infested Diamondback x3  
  149  17:57  Infested Liberator x4, Infested Banshee x3  
  179  18:23  Stukov Vehicle and Ship Armor Level 2  
  179  18:45  Infested SCV x4  
  179  18:46  Infested SCV  
  184  18:55  Infested SCV x2  
  184  18:56  Infested SCV x3  
  189  19:19  Infested Liberator, Infested Banshee  
  180  20:51  Infested Liberator x3, Infested Banshee x3  
  180  20:52  Infested Liberator  
  183  21:19  Infested Liberator  
  186  21:20  Infested Liberator x2, Infested Banshee x2  
  192  21:53  Infested Liberator, Infested Banshee  
  123  24:09  Infested Liberator  
  108  24:10  Infested Liberator x4, Infested Banshee x4  
  108  24:11  Infested Banshee  
  99  24:37  Infested Liberator, Infested Banshee  
  96  24:41  Infested Diamondback x4  
  96  24:42  Infested Diamondback  
  108  24:50  Infested Liberator  
  108  24:51  Infested Liberator  
Tags
 
Commander
ArtanisStukov
Matchup
Co-op
Replay Pack
Multiplayer
Add a new tag
Caveats
  • Supply blocks, unpowered buildings, or Contaminate may cause inaccurate times.
  • Supply counts are checked every 10 seconds.